 Dungeon Crawl Stone Soup version 0.30.1-9-gdf580d7c3d (webtiles) character file.

Game seed: 11809916825144400472

62 ringo67 the Grasshopper (level 3, -7/28 HPs)
             Began as a Mummy Warper on Oct 2, 2023.
             Killed by divine providence
             ... invoked by an orc priest
              (14 damage)
             ... on level 2 of the Dungeon.
             The game lasted 00:05:40 (2843 turns).

ringo67 the Grasshopper (Mummy Warper)              Turns: 2843, Time: 00:05:42

Health: -7/28      AC:  6    Str: 16    XL:     3   Next: 85%
Magic:  7/7        EV: 10    Int: 12    God:
Gold:   67         SH:  0    Dex: 11    Spells: 5/7 levels left

rFire   x . .        a - +0 mace
rCold   + . .        (no shield)
rNeg    + + +        m - +0 ring mail
rPois   ∞            (no helmet)
rElec   .            (no cloak)
rCorr   .            (no gloves)
SInv    .            f - +0 pair of boots
Will    .....        (no amulet)
Stlth   +            (no ring)
HPRegen 0.24/turn    (no ring)
MPRegen 0.10/turn

%: faith
@: no status effects
A: cold resistance 1, negative energy resistance 3, torment resistance 2, heat
vulnerability 1, in touch with death 1, no potions, faith
a: no special abilities


You were on level 2 of the Dungeon.
You visited 1 branch of the dungeon, and saw 3 of its levels.

You collected 67 gold pieces.

Inventory:

Hand Weapons
 a - a +0 mace (weapon)
Missiles
 d - 4 boomerangs of dispersal (quivered)
 l - 4 poisoned darts
Armour
 f - a +0 pair of boots (worn)
 m - a +0 ring mail (worn)
Scrolls
 c - a scroll of blinking
 e - a scroll of silence {unknown}
 g - a scroll of poison {unknown}
 h - a scroll of brand weapon {unknown}
 i - 3 scrolls of identify {unknown}
 j - a scroll of immolation {unknown}
 k - a scroll of amnesia {unknown}


   Skills:
 + Level 2.6 Fighting
 + Level 2.2 Maces & Flails
 - Level 0.7 Throwing
 + Level 1.5 Armour
 - Level 1.5 Dodging
 - Level 2.6 Spellcasting
 + Level 2.8 Translocations


You had 5 spell levels left.
You knew the following spells:

 Your Spells              Type           Power      Damage    Failure   Level
a - Blink                 Tloc           16%        N/A       22%         2

Your spell library contained the following spells:

 Spells                   Type           Power      Damage    Failure   Level
 Lesser Beckoning         Tloc           16%        N/A       22%         2
 Teleport Other           Tloc           8%         N/A       41%         3
 Freeze                   Ice            4%         1d3       43%         1
 Vhi's Electric Charge    Tloc/Air       10%        N/A       61%         3
 Frozen Ramparts          Ice            2%         1d1       80%         3
 Hailstorm                Conj/Ice       1%         3d3       80%         3
 Manifold Assault         Tloc           8%         N/A       82%         4


Dungeon Overview and Level Annotations

Branches:
Dungeon (3/15)

Altars:

Annotations:
D:2 1 runed translucent door, Crazy Yiuf
D:3 Grinder


Innate Abilities, Weirdness & Mutations

You are immune to poison.
Your flesh is cold resistant. (rC+)
You are immune to negative energy. (rN+++)
You are immune to unholy pain and torment.
You are vulnerable to heat. (rF-)
You are in touch with the powers of death.
You do not drink.
You have a special connection with the divine. (Faith)


Message History

The orc shouts!
An orc comes into view. It is wielding a +0 short sword.
An orc priest comes into view. It is wielding a +0 dagger.
You enter the shallow water.
Moving in this stuff is going to be slow.
You enter the shallow water.
Moving in this stuff is going to be slow.
The orc priest shouts!
You hit the orc priest.
The orc priest is moderately wounded.
The orc priest barely misses you.
The orc priest calls down the wrath of Beogh upon you.
Beogh smites you!
You hit the orc priest.
The orc priest is heavily wounded.
The orc priest mumbles some strange prayers to Beogh against you.
Beogh smites you!
* * * LOW HITPOINT WARNING * * *
The orc priest attacks as you move away!
The orc priest hits you but does no damage.
There is a stone staircase leading up here.
The orc priest hits you with a +0 dagger.
* * * LOW HITPOINT WARNING * * *
You climb upwards.
Level annotation: 1 runed translucent door, Crazy Yiuf
There is a stone staircase leading down here.
You closely miss the orc priest.
The orc priest is heavily wounded.
The orc priest hits you but does no damage.
Throw: 5 boomerangs (disperse)
Press: ? - help, Q - select action, (/) - cycle Shift-Dir - straight line, f - orc priest
Aim: an orc priest, wielding a +0 dagger and wearing a +0 leather armour (heavily wounded, 56% to hit)
You throw a boomerang of dispersal.
The boomerang of dispersal hits the orc priest and shatters for extra damage.
The orc priest blinks!
The orc priest is severely wounded.
The orc priest mumbles some strange prayers to Beogh against you.
Beogh smites you!
Ouch! That really hurt!
You die...

#.# #.# #.# ##...... #.# #.# #.#
#...... #.###'## #.# ###†..#
..##...## ######.#### #...#
###.....## #.......>.# ##.##
##.......## #.#.##.##.# ##..#
#.........###.......#.######...##
+.........'....§.................
#.........###...@.###.######...##
##.......## #.........# ##..#
##.....## #####o##### ####.#
##...## #.# #....# ##'## #.#
#.#### #.# #.# #.# #####.# #.#
#.# ...##.###### #.# #.#
.#.........# #.# ##.#####


You could see an orc priest.

Vanquished Creatures
  An adder (D:2)
  An adder skeleton (D:3)
  2 orcs (D:3)
  5 endoplasms
  2 giant cockroaches
  8 goblins
  6 hobgoblins
  2 kobolds
  3 quokkas (D:2)
  A ball python (D:1)
  4 bats
  A frilled lizard (D:1)
  4 rats
40 creatures vanquished.

Notes
Turn   | Place    | Note
-------+----------+-------------------------------------------
     0 | D:1      | ringo67 the Mummy Warper began the quest for the Orb.
     0 | D:1      | Reached XP level 1. HP: 16/16 MP: 4/4
   308 | D:1      | Reached skill level 1 in Armour
   562 | D:1      | Reached XP level 2. HP: 19/22 MP: 5/5
  1020 | D:1      | Learned a level 2 spell: Blink
  1519 | D:2      | Found a runed translucent door.
  1520 | D:2      | Noticed Crazy Yiuf
  1566 | D:2      | Gained mutation: You are in touch with the powers of death.
                  | [Mummy growth]
  1566 | D:2      | Reached XP level 3. HP: 28/28 MP: 7/7
  2668 | D:3      | Noticed Grinder
  2843 | D:2      | Killed from afar by an orc priest

Illustrated notes

Levels and vault maps discovered:
D:1:      nicolae_arrival_memento_mori, layout_basic, minmay_misc_feat_hallway
D:2:      layout_loops_corners, uniq_crazy_yiuf_cottage
D:3:      layout_rooms, mainiacjoe_overflow_tiny_flanked, serial_undead,
          serial_undead_d, serial_undead_d, serial_undead_d, serial_undead_f,
          chequers_serial_rivers_marsh, minmay_misc_feat_four_crosses,
          uniq_grinder

Skill      XL: |  1  2 |
---------------+-------+-----
Armour         | 1 |  1.5
Maces & Flails | 2 |  2.2
Fighting       | |  2.6
Throwing       | |  0.7
Dodging        | |  1.5
Spellcasting   | |  2.6
Translocations | |  2.8

Action                     || total
---------------------------++-------
  Melee: Mace              ||   137
  Throw: Boomerang         ||     3
 Armour: Leather armour    ||    28
         Ring mail         ||    28
  Dodge: Dodged            ||    78
